Tigers vs Marlies

Created - Thursday, January 22, 2015 at 23:33

Goals
1 2 3 OT1 SO T
Tigers 0 1 0 0 2 2
Marlies 0 1 0 0 0 1
Shots
1 2 3 OT1 SO T
Tigers 10 18 3 5 2 36
Marlies 3 14 12 2 2 31

1st period

No Goal

Penalties :
Rich Clune (TOR) for Fighting (Major) at 8:14, Will Weber (BRI) for Fighting (Major) at 8:14

2nd period

1. Tigers , Alexander Khokhlachev 14 (Ben Blood, Brandon Bollig) at 0:32
2. Marlies , Matt Dumba 19 (Joel Armia) at 16:48 (PP)

Penalties :
Nolan Yonkman (BRI) for High sticking (Minor) at 2:46, Scott Harrington (TOR) for Fighting (Major) at 14:17, Anthony Peluso (BRI) for Fighting (Major) at 14:17, Nolan Yonkman (BRI) for Slashing (Minor) at 16:28

3rd period

No Goal

Penalties :
Scott Harrington (TOR) for Fighting (Major) at 1:40, Anthony Peluso (BRI) for Fighting (Major) at 1:40, Anthony Peluso (BRI) for instigated a fight (Minor) at 1:40, Anthony Peluso (BRI) for instigated a fight (10 Minutes Misconduct) at 1:40, Farm Player45 (TOR) for Tripping (Minor) at 16:18

Overtime #1

No Goal

Penalties :
No Penalty

Shootout

Penalty Shot by Alexander Khokhlachev for Tigers - Goal!
Penalty Shot by Shane Prince for Marlies - Stopped by Cam Ward
Penalty Shot by Brandon Bollig for Tigers - Goal!
Penalty Shot by George Parros for Marlies - Stopped by Cam Ward

Penalties :
No Penalty

Goalie Stats

Cam Ward (BRI), 30 saves from 31 shots - (0.968), W, 14-7-1, 65:00 minutes
Scott Clemmensen (TOR), 35 saves from 36 shots - (0.972), OTL, 14-8-7, 65:00 minutes

Players Stats for Tigers

Player Name              G  A  P  +/- PIM S  H  SB GA TA FO     MP     PP MP  PK MP  
------------------------------------------------------------------------------------
A.J. Gale                0  0  0   0  0   7  1  0  3  1  0/0    11:30   0:00   0:00 
Adam Comrie              0  0  0   0  0   2  3  1  0  1  0/0    29:02   0:40   2:31 
Alexander Khokhlachev    1  0  1   1  0   4  2  0  4  0  16/20  21:53   1:07   3:17 
Anthony Peluso           0  0  0   0  22  1  1  1  3  1  1/1     9:53   0:00   0:54 
Austin Levi              0  0  0   0  0   0  0  0  0  0  0/0     4:38   0:00   0:00 
Ben Blood                0  1  1   1  0   4  2  4  0  0  0/0    27:40   0:37   2:31 
Bracken Kearns           0  0  0   0  0   2  5  0  2  2  4/7    16:42   0:52   0:22 
Brandon Bollig           0  1  1   1  0   2  7  0  0  1  0/0    22:15   1:07   3:33 
Brandon DeFazio          0  0  0   0  0   2  2  0  3  0  0/0    13:59   0:00   0:00 
Farm Player46            0  0  0   1  0   1  0  1  0  0  0/1    22:45   0:03   1:07 
Geoff Walker             0  0  0   0  0   3  0  0  0  0  0/0    11:30   0:00   0:00 
Harry Zolnierczyk        0  0  0   0  0   1  1  1  1  1  0/1    14:32   0:52   0:00 
Jed Ortmeyer             0  0  0   1  0   2  2  0  2  1  0/0    17:43   1:07   0:15 
Nolan Yonkman            0  0  0   0  4   0  1  0  1  1  0/0    27:33   1:19   0:40 
Patrick Kennedy          0  0  0   0  0   0  3  1  2  1  4/6    11:30   0:00   0:00 
Toby Petersen            0  0  0   0  0   4  1  2  3  0  6/10   14:06   0:00   0:00 
Ty Rattie                0  0  0   0  0   1  2  1  0  1  0/0    16:11   0:52   0:15 
Will Weber               0  0  0   0  5   0  0  1  0  3  0/0    22:10   1:19   1:47 

Players Stats for Marlies

Player Name              G  A  P  +/- PIM S  H  SB GA TA FO     MP     PP MP  PK MP  
------------------------------------------------------------------------------------
Andrew Yogan             0  0  0   0  0   0  4  0  0  0  0/0    19:37   2:26   0:29 
Austen Brassard          0  0  0   0  0   3  0  0  0  0  0/1    13:58   0:00   0:00 
Brendon Nash             0  0  0   0  0   3  0  0  0  1  0/0    17:10   0:25   0:00 
Farm Player24            0  0  0   0  0   1  1  0  0  0  0/1    19:10   0:30   0:37 
Farm Player45            0  0  0   0  2   0  0  0  1  1  0/2    10:53   0:00   0:00 
George Parros            0  0  0  -1  0   2  5  0  2  0  1/2    22:18   1:52   0:33 
Harrison Ruopp           0  0  0   0  0   2  0  0  0  0  0/0    12:17   0:00   0:00 
Jake Hansen              0  0  0   0  0   0  1  2  1  0  0/0     8:40   0:00   0:00 
Jason Clark              0  0  0   0  0   2  1  0  6  3  6/13   18:18   0:00   0:20 
Joel Armia               0  1  1   0  0   3  1  0  3  2  0/0    20:45   2:26   0:00 
Jonathon Blum            0  0  0  -1  0   6  0  2  3  1  0/0    24:14   2:18   1:07 
Jordan Henry             0  0  0   0  0   1  0  0  0  1  0/0     7:26   0:00   0:00 
Matt Dumba               1  0  1   0  0   2  3  1  2  1  0/0    21:26   2:00   0:52 
Morgan Ellis             0  0  0   0  0   0  0  0  0  1  0/0    21:26   2:00   0:52 
Nicolas Deschamps        0  0  0   0  0   3  0  2  1  0  3/12   19:08   2:26   0:00 
Rich Clune               0  0  0  -1  5   1  3  0  2  0  0/2    18:52   1:52   1:06 
Scott Harrington         0  0  0  -1  10  1  1  1  0  2  0/0    18:25   1:23   1:07 
Shane Prince             0  0  0  -1  0   1  4  2  0  0  5/13   23:49   1:52   0:53 

3 Stars

1 - Scott Clemmensen (TOR)
2 - Cam Ward (BRI)
3 - Brandon Bollig (BRI)

Power Play

Tigers - 0 on 1 Attempt(s) - 0.00%
Marlies - 1 on 3 Attempt(s) - 33.33%

Penalty Kill

Tigers - 2 on 3 Attempt(s) - 66.67% - Score 0 goal in Penalty Kill
Marlies - 1 on 1 Attempt(s) - 100.00% - Score 0 goal in Penalty Kill

Team Stat

Tigers - Hits : 33 - Faceoff Wins : 31 - Blocked Shots : 13 - Penalty Minutes : 31
Marlies - Hits : 24 - Faceoff Wins : 15 - Blocked Shots : 10 - Penalty Minutes : 17

Official

Referees : Unknown
Linesman : Unknown

Game Notes

Rich Clune and Will Weber fight to a draw at 8:14 of 1st period
Jake Hansen is injured at 6:54 of 2nd period (Head)
Anthony Peluso beats up Scott Harrington at 14:17 of 2nd period
Anthony Peluso beats up Scott Harrington at 1:40 of 3rd period

Finance

Level 1 -- Attendance: 1416 (70.80%) -- Ticket Income $49,560
Level 2 -- Attendance: 764 (76.40%) -- Ticket Income $7,640
Total Attendance: 2180 (72.67%)
Total Ticket Income: $57,200
Other Income: $28,028
Total Income: $85,228

Tigers

5 vs 5 Forward 
   Center                   Left Wing                Right Wing               Time % Phy DF OF 
 1 Alexander Khokhlachev    Brandon Bollig           Jed Ortmeyer             35     1   2  2  
 2 Bracken Kearns           Harry Zolnierczyk        Ty Rattie                30     1   2  2  
 3 Toby Petersen            Brandon DeFazio          Anthony Peluso           22     1   2  2  
 4 Patrick Kennedy          A.J. Gale                Geoff Walker             13     1   2  2  

5 vs 5 Defense 
   Defense                  Defense                                           Time % Phy DF OF 
 1 Ben Blood                Adam Comrie                                       35     1   2  2  
 2 Nolan Yonkman            Will Weber                                        30     1   2  2  
 3 Ben Blood                Farm Player46                                     22     1   2  2  
 4 Nolan Yonkman            Adam Comrie                                       13     1   2  2  

PowerPlay Forward 
   Center                   Left Wing                Right Wing               Time % Phy DF OF 
 1 Alexander Khokhlachev    Brandon Bollig           Jed Ortmeyer             60     1   2  2  
 2 Bracken Kearns           Harry Zolnierczyk        Ty Rattie                40     1   2  2  

PowerPlay Defense
   Defense                  Defense                                           Time % Phy DF OF 
 1 Ben Blood                Adam Comrie                                       60     1   2  2  
 2 Nolan Yonkman            Will Weber                                        40     1   2  2  

Penalty Kill 4 Players Forward 
   Center                   Wing                     Time % Phy DF OF 
 1 Alexander Khokhlachev    Brandon Bollig           60     1   2  2  
 2 Jed Ortmeyer             Ty Rattie                40     1   2  2  

Penalty Kill 4 Players Defense
   Defense                  Defense                  Time % Phy DF OF 
 1 Ben Blood                Adam Comrie              60     1   2  2  
 2 Nolan Yonkman            Will Weber               40     1   2  2  

Penalty Kill - 3 Players Forward 
   Forward                                           Time % Phy DF OF 
 1 Alexander Khokhlachev                             60     1   2  2  
 2 Brandon Bollig                                    40     1   2  2  

Penalty Kill - 3 Players Defense
   Defense                  Defense                  Time % Phy DF OF 
 1 Ben Blood                Adam Comrie              60     1   2  2  
 2 Nolan Yonkman            Will Weber               40     1   2  2  

4 vs 4 Forward 
   Center                   Wing                     Time % Phy DF OF 
 1 Alexander Khokhlachev    Brandon Bollig           60     1   2  2  
 2 Jed Ortmeyer             Ty Rattie                40     1   2  2  

4 vs 4 Defense
   Defense                  Defense                  Time % Phy DF OF 
 1 Farm Player46            Adam Comrie              60     1   2  2  
 2 Nolan Yonkman            Will Weber               40     1   2  2  

Last Minutes Offensive
   Center                   Left Wing                Right Wing               Defense                  Defense                  
   Alexander Khokhlachev    Brandon Bollig           Jed Ortmeyer             Nolan Yonkman            Adam Comrie              

Last Minutes Defensive
   Center                   Left Wing                Right Wing               Defense                  Defense                  
   Alexander Khokhlachev    Brandon Bollig           Jed Ortmeyer             Nolan Yonkman            Adam Comrie              

Goaltenders
Starting : Cam Ward                 
Backup : Allen York               

Extra Forwards
Normal : Toby Petersen, Brandon DeFazio, Anthony Peluso - PP : Toby Petersen, Brandon DeFazio - PK : Anthony Peluso
Extra Defensemen
Normal : Ben Blood, Farm Player46, Nolan Yonkman - PP : Ben Blood - PK : Farm Player46, Nolan Yonkman
Penalty Shots
Alexander Khokhlachev, Brandon Bollig, Jed Ortmeyer, Ty Rattie, Bracken Kearns

Marlies

5 vs 5 Forward 
   Center                   Left Wing                Right Wing               Time % Phy DF OF 
 1 Shane Prince             Rich Clune               George Parros            35     1   2  2  
 2 Nicolas Deschamps        Andrew Yogan             Joel Armia               30     1   2  2  
 3 Jason Clark              Farm Player24            Jake Hansen              22     1   2  2  
 4 Shane Prince             George Parros            Austen Brassard          13     1   2  2  

5 vs 5 Defense 
   Defense                  Defense                                           Time % Phy DF OF 
 1 Jonathon Blum            Scott Harrington                                  35     1   2  2  
 2 Matt Dumba               Morgan Ellis                                      30     1   2  2  
 3 Brendon Nash             Harrison Ruopp                                    22     1   2  2  
 4 Jordan Henry             Farm Player45                                     13     1   2  2  

PowerPlay Forward 
   Center                   Left Wing                Right Wing               Time % Phy DF OF 
 1 Shane Prince             Rich Clune               George Parros            60     1   2  2  
 2 Nicolas Deschamps        Andrew Yogan             Joel Armia               40     1   2  2  

PowerPlay Defense
   Defense                  Defense                                           Time % Phy DF OF 
 1 Jonathon Blum            Scott Harrington                                  60     1   2  2  
 2 Matt Dumba               Morgan Ellis                                      40     1   2  2  

Penalty Kill 4 Players Forward 
   Center                   Wing                     Time % Phy DF OF 
 1 Shane Prince             George Parros            60     1   2  2  
 2 Rich Clune               Joel Armia               40     1   2  2  

Penalty Kill 4 Players Defense
   Defense                  Defense                  Time % Phy DF OF 
 1 Jonathon Blum            Scott Harrington         60     1   2  2  
 2 Matt Dumba               Morgan Ellis             40     1   2  2  

Penalty Kill - 3 Players Forward 
   Forward                                           Time % Phy DF OF 
 1 Shane Prince                                      60     1   2  2  
 2 George Parros                                     40     1   2  2  

Penalty Kill - 3 Players Defense
   Defense                  Defense                  Time % Phy DF OF 
 1 Jonathon Blum            Scott Harrington         60     1   2  2  
 2 Matt Dumba               Morgan Ellis             40     1   2  2  

4 vs 4 Forward 
   Center                   Wing                     Time % Phy DF OF 
 1 Shane Prince             George Parros            60     1   2  2  
 2 Rich Clune               Joel Armia               40     1   2  2  

4 vs 4 Defense
   Defense                  Defense                  Time % Phy DF OF 
 1 Jonathon Blum            Scott Harrington         60     1   2  2  
 2 Matt Dumba               Morgan Ellis             40     1   2  2  

Last Minutes Offensive
   Center                   Left Wing                Right Wing               Defense                  Defense                  
   Shane Prince             Rich Clune               George Parros            Jonathon Blum            Scott Harrington         

Last Minutes Defensive
   Center                   Left Wing                Right Wing               Defense                  Defense                  
   Shane Prince             Rich Clune               George Parros            Jonathon Blum            Scott Harrington         

Goaltenders
Starting : Scott Clemmensen         
Backup : Chet Pickard             

Extra Forwards
Normal : Jake Hansen, Austen Brassard, Jason Clark - PP : Jake Hansen, Austen Brassard - PK : Jason Clark
Extra Defensemen
Normal : Brendon Nash, Harrison Ruopp, Jordan Henry - PP : Brendon Nash - PK : Harrison Ruopp, Jordan Henry
Penalty Shots
Shane Prince, George Parros, Rich Clune, Joel Armia, Nicolas Deschamps

% Time on Ice - Tigers

Lines # - Real PCT - Wanted PCT - Time Play
Normal Forward
1 - 28% - 35% - 15:07
2 - 27% - 30% - 14:19
3 - 24% - 22% - 12:46
4 - 21% - 13% - 11:31
Normal Defense
1 - 32% - 35% - 17:23
2 - 37% - 30% - 20:05
3 - 19% - 22% - 10:07
4 - 11% - 13% - 6:08
PP Forward
1 - 56% - 60% - 1:07
2 - 44% - 40% - 0:52
PP Defense
1 - 34% - 60% - 0:40
2 - 66% - 40% - 1:19
PK Forward
1 - 94% - 60% - 4:03
2 - 6% - 40% - 0:15
PK Defense
1 - 59% - 60% - 2:31
2 - 41% - 40% - 1:47
PK3 Forward
1 - 0% - 60%
2 - 0% - 40%
PK3 Defense
1 - 0% - 60%
2 - 0% - 40%
44 Forward
1 - 85% - 60% - 4:15
2 - 15% - 40% - 0:45
44 Defense
1 - 55% - 60% - 2:45
2 - 45% - 40% - 2:15
Last Minute Offensive  - 0:00
Last Minute Defensive  - 0:00
Total
Forward - 65:00
Defense - 65:00

% Time on Ice - Marlies

Lines # - Real PCT - Wanted PCT - Time Play
Normal Forward
1 - 27% - 35% - 14:33
2 - 31% - 30% - 16:42
3 - 33% - 22% - 17:50
4 - 9% - 13% - 4:38
Normal Defense
1 - 34% - 35% - 18:09
2 - 30% - 30% - 16:14
3 - 22% - 22% - 11:53
4 - 14% - 13% - 7:27
PP Forward
1 - 43% - 60% - 1:52
2 - 57% - 40% - 2:26
PP Defense
1 - 53% - 60% - 2:18
2 - 47% - 40% - 2:00
PK Forward
1 - 100% - 60% - 1:59
2 - 0% - 40% - 0:00
PK Defense
1 - 56% - 60% - 1:07
2 - 44% - 40% - 0:52
PK3 Forward
1 - 0% - 60%
2 - 0% - 40%
PK3 Defense
1 - 0% - 60%
2 - 0% - 40%
44 Forward
1 - 70% - 60% - 3:31
2 - 30% - 40% - 1:29
44 Defense
1 - 53% - 60% - 2:40
2 - 47% - 40% - 2:20
Last Minute Offensive  - 0:00
Last Minute Defensive  - 0:00
Total
Forward - 65:00
Defense - 65:00

Play by Play

1st period


0:01 of 1st period - Alexander Khokhlachev wins face-off versus Shane Prince in neutral zone.
0:30 of 1st period - Snap shot by Rich Clune.
0:30 of 1st period - Stopped by Cam Ward with a rebound.
0:32 of 1st period - Slapshot by Scott Harrington.
0:32 of 1st period - Shot Blocked by Ben Blood.
0:34 of 1st period - Wrist shot by Scott Harrington.
0:34 of 1st period - Shot Misses the Net.
0:48 of 1st period - Nicolas Deschamps is hit by Bracken Kearns and loses puck.
0:55 of 1st period - Adam Comrie is hit by Andrew Yogan and loses puck.
1:36 of 1st period - Wrist shot by Toby Petersen.
1:36 of 1st period - Stopped by Scott Clemmensen with a rebound.
2:40 of 1st period - Snap shot by Matt Dumba.
2:40 of 1st period - Shot Blocked by Patrick Kennedy.
2:42 of 1st period - Slapshot by Shane Prince.
2:42 of 1st period - Stopped by Cam Ward with a rebound.
2:52 of 1st period - A.J. Gale is hit by Andrew Yogan and loses puck.
4:36 of 1st period - Snap shot by Joel Armia.
4:36 of 1st period - Shot Blocked by Ty Rattie.
5:12 of 1st period - Off-side.
5:13 of 1st period - Nicolas Deschamps wins face-off versus Alexander Khokhlachev in neutral zone.
5:16 of 1st period - Alexander Khokhlachev is hit by Matt Dumba and loses puck.
7:02 of 1st period - Wrist shot by A.J. Gale.
7:02 of 1st period - Stopped by Scott Clemmensen with a rebound.
7:28 of 1st period - Slapshot by Bracken Kearns.
7:28 of 1st period - Stopped by Scott Clemmensen with a rebound.
7:47 of 1st period - Harry Zolnierczyk is hit by Jake Hansen.
8:14 of 1st period - Rich Clune and Will Weber fight to a draw.
8:14 of 1st period - Penalty to Rich Clune for Fighting.
8:14 of 1st period - Penalty to Will Weber for Fighting.
8:15 of 1st period - Alexander Khokhlachev wins face-off versus Nicolas Deschamps in Tigers zone.
8:45 of 1st period - Nicolas Deschamps is hit by Brandon Bollig and loses puck.
8:50 of 1st period - Wrist shot by Alexander Khokhlachev.
8:50 of 1st period - Shot Misses the Net.
9:19 of 1st period - Backhand shot by Anthony Peluso.
9:19 of 1st period - Stopped by Scott Clemmensen with a rebound.
9:34 of 1st period - Icing by Toby Petersen.
9:35 of 1st period - Jason Clark wins face-off versus Toby Petersen in Tigers zone.
9:44 of 1st period - Wrist shot by Jonathon Blum.
9:44 of 1st period - Deflect By Jason Clark.
9:44 of 1st period - Shot Misses the Net.
9:44 of 1st period - Puck is out of play.
9:45 of 1st period - Bracken Kearns wins face-off versus Jason Clark in Tigers zone.
10:36 of 1st period - Brandon Bollig is hit by Shane Prince and loses puck.
10:56 of 1st period - Andrew Yogan is hit by Alexander Khokhlachev and loses puck.
11:41 of 1st period - Snap shot by A.J. Gale.
11:41 of 1st period - Stopped by Scott Clemmensen with a rebound.
11:43 of 1st period - Wrist shot by Geoff Walker.
11:43 of 1st period - Stopped by Scott Clemmensen without a rebound.
11:44 of 1st period - Patrick Kennedy wins face-off versus Jason Clark in Marlies zone.
12:03 of 1st period - Brendon Nash is hit by Patrick Kennedy and loses puck.
12:10 of 1st period - Slapshot by A.J. Gale.
12:10 of 1st period - Stopped by Scott Clemmensen with a rebound.
12:12 of 1st period - Slapshot by Geoff Walker.
12:12 of 1st period - Stopped by Scott Clemmensen with a rebound.
12:14 of 1st period - Slapshot by Ben Blood.
12:14 of 1st period - Deflect By Nicolas Deschamps.
12:14 of 1st period - Stopped by Scott Clemmensen with a rebound.
12:16 of 1st period - Snap shot by Ben Blood.
12:16 of 1st period - Shot Blocked by Nicolas Deschamps.
12:18 of 1st period - Snap shot by Ben Blood.
12:18 of 1st period - Stopped by Scott Clemmensen without a rebound.
12:19 of 1st period - Shane Prince wins face-off versus Bracken Kearns in Marlies zone.
12:32 of 1st period - Wrist shot by George Parros.
12:32 of 1st period - Shot Misses the Net.
12:38 of 1st period - Shane Prince is hit by Harry Zolnierczyk and loses puck.
13:50 of 1st period - Shane Prince is hit by Brandon DeFazio.
14:07 of 1st period - Off-side.
14:08 of 1st period - Alexander Khokhlachev wins face-off versus Nicolas Deschamps in neutral zone.
14:29 of 1st period - Jed Ortmeyer is hit by Shane Prince and loses puck.
14:40 of 1st period - Slapshot by Matt Dumba.
14:40 of 1st period - Shot Blocked by Ben Blood.
15:18 of 1st period - Wrist shot by Nicolas Deschamps.
15:18 of 1st period - Stopped by Cam Ward without a rebound.
15:19 of 1st period - Patrick Kennedy wins face-off versus Nicolas Deschamps in Tigers zone.
15:47 of 1st period - Austin Levi is hit by George Parros and loses puck.
16:50 of 1st period - Andrew Yogan is hit by Ty Rattie and loses puck.
17:23 of 1st period - Anthony Peluso is hit by George Parros and loses puck.
17:31 of 1st period - Harrison Ruopp is hit by Nolan Yonkman and loses puck.
18:09 of 1st period - Jordan Henry is hit by Brandon Bollig and loses puck.
19:32 of 1st period - Jonathon Blum is hit by Anthony Peluso and loses puck.
Goals for this period are 0 for Tigers vs 0 for Marlies.
Shots for this period are 10 for Tigers vs 3 for Marlies.

2nd period


0:01 of 2nd period - Alexander Khokhlachev wins face-off versus Shane Prince in neutral zone.
0:12 of 2nd period - Wrist shot by Alexander Khokhlachev.
0:12 of 2nd period - Deflect By Jed Ortmeyer.
0:12 of 2nd period - Stopped by Scott Clemmensen with a rebound.
0:14 of 2nd period - Snap shot by Brandon Bollig.
0:14 of 2nd period - Shot Misses the Net.
0:16 of 2nd period - Wrist shot by Jed Ortmeyer.
0:16 of 2nd period - Deflect By Alexander Khokhlachev.
0:16 of 2nd period - Shot Blocked by Jonathon Blum.
0:16 of 2nd period - Puck is out of play.
0:17 of 2nd period - Alexander Khokhlachev wins face-off versus Shane Prince in Marlies zone.
0:18 of 2nd period - Slapshot by Brandon Bollig.
0:18 of 2nd period - Stopped by Scott Clemmensen without a rebound.
0:19 of 2nd period - Alexander Khokhlachev wins face-off versus Shane Prince in Marlies zone.
0:26 of 2nd period - Backhand shot by Alexander Khokhlachev.
0:26 of 2nd period - Stopped by Scott Clemmensen with a rebound.
0:28 of 2nd period - Wrist shot by Brandon Bollig.
0:28 of 2nd period - Shot Misses the Net.
0:30 of 2nd period - Snap shot by Ben Blood.
0:30 of 2nd period - Shot Misses the Net.
0:32 of 2nd period - Slapshot by Alexander Khokhlachev.
0:32 of 2nd period - Goal by Alexander Khokhlachev - Tigers : 1 - Marlies : 0.
0:33 of 2nd period - George Parros wins face-off versus Alexander Khokhlachev in neutral zone.
0:54 of 2nd period - Alexander Khokhlachev is hit by Rich Clune and loses puck.
1:23 of 2nd period - Nolan Yonkman is hit by Matt Dumba and loses puck.
1:41 of 2nd period - Harry Zolnierczyk is hit by Andrew Yogan and loses puck.
2:10 of 2nd period - Snap shot by Jake Hansen.
2:10 of 2nd period - Shot Misses the Net.
2:12 of 2nd period - Snap shot by Jason Clark.
2:12 of 2nd period - Stopped by Cam Ward with a rebound.
2:14 of 2nd period - Slapshot by Brendon Nash.
2:14 of 2nd period - Shot Misses the Net.
2:16 of 2nd period - Slapshot by Brendon Nash.
2:16 of 2nd period - Stopped by Cam Ward with a rebound.
2:18 of 2nd period - Slapshot by Harrison Ruopp.
2:18 of 2nd period - Stopped by Cam Ward with a rebound.
2:20 of 2nd period - Wrist shot by Jake Hansen.
2:20 of 2nd period - Shot Misses the Net.
2:22 of 2nd period - Slapshot by Brendon Nash.
2:22 of 2nd period - Stopped by Cam Ward with a rebound.
2:46 of 2nd period - Minor Penalty to Nolan Yonkman for High sticking.
2:47 of 2nd period - Alexander Khokhlachev wins face-off versus Rich Clune in Tigers zone.
2:47 of 2nd period - Alexander Khokhlachev is hit by George Parros.
3:01 of 2nd period - Alexander Khokhlachev is hit by Rich Clune and loses puck.
3:32 of 2nd period - Scott Harrington is hit by Ben Blood and loses puck.
4:29 of 2nd period - Off-side.
4:30 of 2nd period - Anthony Peluso wins face-off versus Shane Prince in neutral zone.
4:46 of 2nd period - Penalty to Nolan Yonkman is over, Nolan Yonkman is back on ice.
5:12 of 2nd period - Slapshot by Nolan Yonkman.
5:12 of 2nd period - Shot Blocked by Jake Hansen.
5:14 of 2nd period - Backhand shot by A.J. Gale.
5:14 of 2nd period - Stopped by Scott Clemmensen with a rebound.
5:16 of 2nd period - Snap shot by Geoff Walker.
5:16 of 2nd period - Stopped by Scott Clemmensen without a rebound.
5:17 of 2nd period - Bracken Kearns wins face-off versus Jason Clark in Marlies zone.
6:13 of 2nd period - Icing by Jason Clark.
6:14 of 2nd period - Toby Petersen wins face-off versus Jason Clark in Marlies zone.
6:54 of 2nd period - Snap shot by A.J. Gale.
6:54 of 2nd period - Shot Blocked by Jake Hansen.
6:54 of 2nd period - Jake Hansen from Marlies is injured at 6:54 of 2nd period (Head).
6:55 of 2nd period - Alexander Khokhlachev wins face-off versus Shane Prince in Marlies zone.
7:23 of 2nd period - Wrist shot by Alexander Khokhlachev.
7:23 of 2nd period - Shot Misses the Net.
7:31 of 2nd period - Wrist shot by Jed Ortmeyer.
7:31 of 2nd period - Stopped by Scott Clemmensen with a rebound.
7:33 of 2nd period - Slapshot by Alexander Khokhlachev.
7:33 of 2nd period - Stopped by Scott Clemmensen with a rebound.
7:51 of 2nd period - Nicolas Deschamps is hit by Bracken Kearns.
7:55 of 2nd period - Slapshot by Matt Dumba.
7:55 of 2nd period - Shot Blocked by Ben Blood.
8:01 of 2nd period - Matt Dumba is hit by Bracken Kearns and loses puck.
8:31 of 2nd period - Off-side.
8:32 of 2nd period - Toby Petersen wins face-off versus Jason Clark in neutral zone.
8:38 of 2nd period - Off-side.
8:39 of 2nd period - Jason Clark wins face-off versus Patrick Kennedy in neutral zone.
8:44 of 2nd period - Slapshot by Jason Clark.
8:44 of 2nd period - Stopped by Cam Ward without a rebound.
8:45 of 2nd period - Patrick Kennedy wins face-off versus Jason Clark in Tigers zone.
9:02 of 2nd period - Snap shot by Harrison Ruopp.
9:02 of 2nd period - Stopped by Cam Ward with a rebound.
9:04 of 2nd period - Snap shot by Jason Clark.
9:04 of 2nd period - Shot Blocked by Farm Player46.
9:18 of 2nd period - Slapshot by Brendon Nash.
9:18 of 2nd period - Shot Misses the Net.
9:41 of 2nd period - Snap shot by Brandon Bollig.
9:41 of 2nd period - Shot Misses the Net.
9:47 of 2nd period - Alexander Khokhlachev is hit by George Parros and loses puck.
10:16 of 2nd period - Snap shot by Joel Armia.
10:16 of 2nd period - Shot Misses the Net.
10:24 of 2nd period - Snap shot by Joel Armia.
10:24 of 2nd period - Stopped by Cam Ward with a rebound.
10:26 of 2nd period - Slapshot by Jonathon Blum.
10:26 of 2nd period - Stopped by Cam Ward without a rebound.
10:27 of 2nd period - Jason Clark wins face-off versus Bracken Kearns in Tigers zone.
10:39 of 2nd period - Wrist shot by Matt Dumba.
10:39 of 2nd period - Shot Blocked by Harry Zolnierczyk.
10:41 of 2nd period - Slapshot by Morgan Ellis.
10:41 of 2nd period - Shot Misses the Net.
10:43 of 2nd period - Snap shot by Morgan Ellis.
10:43 of 2nd period - Deflect By Austen Brassard.
10:43 of 2nd period - Stopped by Cam Ward with a rebound.
10:45 of 2nd period - Slapshot by Jason Clark.
10:45 of 2nd period - Shot Misses the Net.
11:13 of 2nd period - Wrist shot by Joel Armia.
11:13 of 2nd period - Shot Misses the Net.
11:15 of 2nd period - Slapshot by Joel Armia.
11:15 of 2nd period - Shot Misses the Net.
11:49 of 2nd period - Wrist shot by George Parros.
11:49 of 2nd period - Shot Blocked by Anthony Peluso.
11:59 of 2nd period - Toby Petersen is hit by George Parros and loses puck.
12:10 of 2nd period - Icing by Anthony Peluso.
12:11 of 2nd period - Jason Clark wins face-off versus Patrick Kennedy in Tigers zone.
12:39 of 2nd period - Snap shot by Nicolas Deschamps.
12:39 of 2nd period - Shot Misses the Net.
13:07 of 2nd period - George Parros is hit by Adam Comrie and loses puck.
13:22 of 2nd period - Snap shot by Brandon Bollig.
13:22 of 2nd period - Shot Misses the Net.
13:24 of 2nd period - Backhand shot by Will Weber.
13:24 of 2nd period - Shot Blocked by Shane Prince.
13:26 of 2nd period - Snap shot by Jed Ortmeyer.
13:26 of 2nd period - Deflect By Alexander Khokhlachev.
13:26 of 2nd period - Stopped by Scott Clemmensen with a rebound.
14:17 of 2nd period - Anthony Peluso beats up Scott Harrington.
14:17 of 2nd period - Penalty to Scott Harrington for Fighting.
14:17 of 2nd period - Penalty to Anthony Peluso for Fighting.
14:18 of 2nd period - Nicolas Deschamps wins face-off versus Bracken Kearns in Tigers zone.
14:33 of 2nd period - Slapshot by Jonathon Blum.
14:33 of 2nd period - Deflect By Nicolas Deschamps.
14:33 of 2nd period - Shot Misses the Net.
14:33 of 2nd period - Puck is out of play.
14:34 of 2nd period - Bracken Kearns wins face-off versus Nicolas Deschamps in Tigers zone.
14:51 of 2nd period - Slapshot by Ty Rattie.
14:51 of 2nd period - Shot Blocked by Jonathon Blum.
14:53 of 2nd period - Slapshot by Bracken Kearns.
14:53 of 2nd period - Deflect By Harry Zolnierczyk.
14:53 of 2nd period - Stopped by Scott Clemmensen with a rebound.
14:55 of 2nd period - Slapshot by Ben Blood.
14:55 of 2nd period - Stopped by Scott Clemmensen with a rebound.
14:57 of 2nd period - Snap shot by Ty Rattie.
14:57 of 2nd period - Stopped by Scott Clemmensen with a rebound.
14:59 of 2nd period - Slapshot by Bracken Kearns.
14:59 of 2nd period - Stopped by Scott Clemmensen with a rebound.
15:21 of 2nd period - Brandon Bollig is hit by Rich Clune and loses puck.
16:07 of 2nd period - Rich Clune is hit by Bracken Kearns and loses puck.
16:14 of 2nd period - Wrist shot by Toby Petersen.
16:14 of 2nd period - Stopped by Scott Clemmensen with a rebound.
16:28 of 2nd period - Minor Penalty to Nolan Yonkman for Slashing.
16:29 of 2nd period - Alexander Khokhlachev wins face-off versus Nicolas Deschamps in Tigers zone.
16:48 of 2nd period - Slapshot by Matt Dumba.
16:48 of 2nd period - Goal by Matt Dumba - Tigers : 1 - Marlies : 1.
16:49 of 2nd period - Jason Clark wins face-off versus Toby Petersen in neutral zone.
17:08 of 2nd period - Snap shot by Toby Petersen.
17:08 of 2nd period - Shot Misses the Net.
17:10 of 2nd period - Wrist shot by Brandon DeFazio.
17:10 of 2nd period - Stopped by Scott Clemmensen with a rebound.
17:16 of 2nd period - Snap shot by Toby Petersen.
17:16 of 2nd period - Stopped by Scott Clemmensen with a rebound.
17:18 of 2nd period - Slapshot by Nolan Yonkman.
17:18 of 2nd period - Shot Blocked by Matt Dumba.
17:57 of 2nd period - Ben Blood is hit by Joel Armia and loses puck.
18:02 of 2nd period - Wrist shot by Nicolas Deschamps.
18:02 of 2nd period - Stopped by Cam Ward without a rebound.
18:03 of 2nd period - Shane Prince wins face-off versus Harry Zolnierczyk in Tigers zone.
18:04 of 2nd period - Wrist shot by Rich Clune.
18:04 of 2nd period - Shot Misses the Net.
18:06 of 2nd period - Snap shot by George Parros.
18:06 of 2nd period - Stopped by Cam Ward with a rebound.
18:39 of 2nd period - Slapshot by Brendon Nash.
18:39 of 2nd period - Stopped by Cam Ward with a rebound.
19:01 of 2nd period - Slapshot by Jonathon Blum.
19:01 of 2nd period - Stopped by Cam Ward with a rebound.
19:21 of 2nd period - Wrist shot by A.J. Gale.
19:21 of 2nd period - Deflect By Jonathon Blum.
19:21 of 2nd period - Stopped by Scott Clemmensen with a rebound.
19:23 of 2nd period - Wrist shot by A.J. Gale.
19:23 of 2nd period - Shot Blocked by Nicolas Deschamps.
19:25 of 2nd period - Snap shot by A.J. Gale.
19:25 of 2nd period - Stopped by Scott Clemmensen with a rebound.
19:41 of 2nd period - Jordan Henry is hit by Brandon Bollig and loses puck.
19:54 of 2nd period - Slapshot by Jason Clark.
19:54 of 2nd period - Shot Misses the Net.
Goals for this period are 1 for Tigers vs 1 for Marlies.
Shots for this period are 18 for Tigers vs 14 for Marlies.

3rd period


0:01 of 3rd period - Alexander Khokhlachev wins face-off versus Shane Prince in neutral zone.
0:30 of 3rd period - George Parros is hit by Brandon Bollig and loses puck.
0:53 of 3rd period - Wrist shot by Bracken Kearns.
0:53 of 3rd period - Shot Misses the Net.
0:55 of 3rd period - Wrist shot by Bracken Kearns.
0:55 of 3rd period - Shot Blocked by Shane Prince.
1:40 of 3rd period - Anthony Peluso beats up Scott Harrington.
1:40 of 3rd period - Penalty to Scott Harrington for Fighting.
1:40 of 3rd period - Penalty to Anthony Peluso for Fighting.
1:40 of 3rd period - Penalty to Anthony Peluso for instigated a fight.
1:40 of 3rd period - Penalty to Anthony Peluso for instigated a fight.
1:41 of 3rd period - Nicolas Deschamps wins face-off versus Alexander Khokhlachev in Marlies zone.
1:49 of 3rd period - Ben Blood is hit by Andrew Yogan and loses puck.
2:10 of 3rd period - Snap shot by Joel Armia.
2:10 of 3rd period - Deflect By Alexander Khokhlachev.
2:10 of 3rd period - Stopped by Cam Ward without a rebound.
2:11 of 3rd period - Alexander Khokhlachev wins face-off versus Nicolas Deschamps in Tigers zone.
2:26 of 3rd period - Slapshot by Jonathon Blum.
2:26 of 3rd period - Shot Misses the Net.
2:42 of 3rd period - Brandon Bollig is hit by Shane Prince.
2:45 of 3rd period - Off-side.
2:46 of 3rd period - Alexander Khokhlachev wins face-off versus Rich Clune in neutral zone.
3:40 of 3rd period - Penalty to Anthony Peluso is over, Farm Player46 is send on ice.
4:06 of 3rd period - Slapshot by Jonathon Blum.
4:06 of 3rd period - Stopped by Cam Ward with a rebound.
4:18 of 3rd period - Snap shot by Austen Brassard.
4:18 of 3rd period - Stopped by Cam Ward without a rebound.
4:19 of 3rd period - Jason Clark wins face-off versus Farm Player46 in Tigers zone.
4:25 of 3rd period - Slapshot by Jordan Henry.
4:25 of 3rd period - Stopped by Cam Ward with a rebound.
4:31 of 3rd period - Slapshot by Austen Brassard.
4:31 of 3rd period - Stopped by Cam Ward with a rebound.
4:33 of 3rd period - Snap shot by Jordan Henry.
4:33 of 3rd period - Deflect By Farm Player24.
4:33 of 3rd period - Stopped by Cam Ward with a rebound.
4:35 of 3rd period - Slapshot by Farm Player45.
4:35 of 3rd period - Shot Blocked by Ben Blood.
6:58 of 3rd period - Morgan Ellis is hit by Brandon Bollig.
7:56 of 3rd period - Ty Rattie is hit by Jason Clark.
8:12 of 3rd period - Jason Clark is hit by Bracken Kearns.
8:22 of 3rd period - Joel Armia is hit by Brandon DeFazio and loses puck.
8:34 of 3rd period - Scott Harrington is hit by Toby Petersen and loses puck.
9:15 of 3rd period - Harrison Ruopp is hit by Jed Ortmeyer and loses puck.
9:36 of 3rd period - Austen Brassard is hit by Adam Comrie and loses puck.
10:19 of 3rd period - Snap shot by A.J. Gale.
10:19 of 3rd period - Stopped by Scott Clemmensen with a rebound.
10:41 of 3rd period - Slapshot by Jonathon Blum.
10:41 of 3rd period - Stopped by Cam Ward without a rebound.
10:42 of 3rd period - Toby Petersen wins face-off versus Nicolas Deschamps in Tigers zone.
10:50 of 3rd period - Backhand shot by Jonathon Blum.
10:50 of 3rd period - Shot Blocked by Toby Petersen.
11:02 of 3rd period - Slapshot by Rich Clune.
11:02 of 3rd period - Deflect By Austen Brassard.
11:02 of 3rd period - Shot Blocked by Toby Petersen.
11:02 of 3rd period - Puck is out of play.
11:03 of 3rd period - Alexander Khokhlachev wins face-off versus Farm Player45 in Tigers zone.
11:29 of 3rd period - Off-side.
11:30 of 3rd period - Patrick Kennedy wins face-off versus Jason Clark in neutral zone.
12:09 of 3rd period - Jonathon Blum is hit by Patrick Kennedy and loses puck.
13:01 of 3rd period - Snap shot by Brandon Bollig.
13:01 of 3rd period - Stopped by Scott Clemmensen without a rebound.
13:02 of 3rd period - Alexander Khokhlachev wins face-off versus Nicolas Deschamps in Marlies zone.
14:10 of 3rd period - Slapshot by Brandon DeFazio.
14:10 of 3rd period - Shot Misses the Net.
14:22 of 3rd period - Wrist shot by Joel Armia.
14:22 of 3rd period - Stopped by Cam Ward with a rebound.
14:24 of 3rd period - Snap shot by Jonathon Blum.
14:24 of 3rd period - Stopped by Cam Ward with a rebound.
14:26 of 3rd period - Slapshot by Nicolas Deschamps.
14:26 of 3rd period - Stopped by Cam Ward with a rebound.
14:28 of 3rd period - Wrist shot by Joel Armia.
14:28 of 3rd period - Shot Misses the Net.
14:30 of 3rd period - Slapshot by Andrew Yogan.
14:30 of 3rd period - Shot Blocked by Adam Comrie.
14:38 of 3rd period - Toby Petersen is hit by Scott Harrington and loses puck.
14:46 of 3rd period - Icing by Austin Levi.
14:47 of 3rd period - Toby Petersen wins face-off versus Farm Player45 in Tigers zone.
15:21 of 3rd period - Austen Brassard is hit by Ty Rattie and loses puck.
16:18 of 3rd period - Minor Penalty to Farm Player45 for Tripping.
16:19 of 3rd period - Shane Prince wins face-off versus Alexander Khokhlachev in Marlies zone.
16:40 of 3rd period - 10 Minutes Misconduct Penalty to Anthony Peluso is over.
17:03 of 3rd period - Will Weber is hit by Farm Player24 and loses puck.
17:08 of 3rd period - Slapshot by Matt Dumba.
17:08 of 3rd period - Deflect By Rich Clune.
17:08 of 3rd period - Shot Misses the Net.
17:08 of 3rd period - Puck is out of play.
17:09 of 3rd period - Bracken Kearns wins face-off versus Farm Player24 in Tigers zone.
17:54 of 3rd period - Wrist shot by Rich Clune.
17:54 of 3rd period - Shot Misses the Net.
17:56 of 3rd period - Slapshot by Scott Harrington.
17:56 of 3rd period - Stopped by Cam Ward with a rebound.
18:02 of 3rd period - Slapshot by Jonathon Blum.
18:02 of 3rd period - Stopped by Cam Ward with a rebound.
18:08 of 3rd period - Alexander Khokhlachev is hit by Matt Dumba and loses puck.
18:18 of 3rd period - Penalty to Farm Player45 is over, Farm Player45 is back on ice.
18:51 of 3rd period - Icing by Brendon Nash.
18:52 of 3rd period - Toby Petersen wins face-off versus Nicolas Deschamps in Marlies zone.
18:53 of 3rd period - Slapshot by Anthony Peluso.
18:53 of 3rd period - Shot Misses the Net.
18:55 of 3rd period - Slapshot by Ben Blood.
18:55 of 3rd period - Stopped by Scott Clemmensen with a rebound.
19:38 of 3rd period - Austen Brassard is hit by Ben Blood.
19:42 of 3rd period - Austen Brassard is hit by A.J. Gale and loses puck.
19:53 of 3rd period - Scott Harrington is hit by Patrick Kennedy and loses puck.
Goals for this period are 0 for Tigers vs 0 for Marlies.
Shots for this period are 3 for Tigers vs 12 for Marlies.

Overtime #1


0:01 of 1st overtime period - Alexander Khokhlachev wins face-off versus Shane Prince in neutral zone.
0:32 of 1st overtime period - Snap shot by George Parros.
0:32 of 1st overtime period - Stopped by Cam Ward without a rebound.
0:33 of 1st overtime period - Alexander Khokhlachev wins face-off versus George Parros in Tigers zone.
0:44 of 1st overtime period - Slapshot by Matt Dumba.
0:44 of 1st overtime period - Shot Blocked by Will Weber.
0:51 of 1st overtime period - Wrist shot by Matt Dumba.
0:51 of 1st overtime period - Shot Misses the Net.
1:01 of 1st overtime period - George Parros is hit by Brandon Bollig and loses puck.
1:24 of 1st overtime period - Matt Dumba is hit by Brandon Bollig and loses puck.
1:40 of 1st overtime period - George Parros is hit by Adam Comrie and loses puck.
1:45 of 1st overtime period - Slapshot by Brandon DeFazio.
1:45 of 1st overtime period - Deflect By Toby Petersen.
1:45 of 1st overtime period - Shot Misses the Net.
1:45 of 1st overtime period - Puck is out of play.
1:46 of 1st overtime period - Toby Petersen wins face-off versus Austen Brassard in Marlies zone.
1:51 of 1st overtime period - Backhand shot by Brandon DeFazio.
1:51 of 1st overtime period - Shot Blocked by Scott Harrington.
1:53 of 1st overtime period - Wrist shot by Brandon DeFazio.
1:53 of 1st overtime period - Shot Misses the Net.
1:55 of 1st overtime period - Slapshot by Adam Comrie.
1:55 of 1st overtime period - Deflect By Jonathon Blum.
1:55 of 1st overtime period - Stopped by Scott Clemmensen with a rebound.
1:57 of 1st overtime period - Wrist shot by Toby Petersen.
1:57 of 1st overtime period - Stopped by Scott Clemmensen with a rebound.
1:59 of 1st overtime period - Slapshot by Adam Comrie.
1:59 of 1st overtime period - Deflect By Scott Harrington.
1:59 of 1st overtime period - Stopped by Scott Clemmensen with a rebound.
2:13 of 1st overtime period - Snap shot by Brandon DeFazio.
2:13 of 1st overtime period - Stopped by Scott Clemmensen with a rebound.
2:15 of 1st overtime period - Slapshot by Farm Player46.
2:15 of 1st overtime period - Deflect By Jonathon Blum.
2:15 of 1st overtime period - Stopped by Scott Clemmensen with a rebound.
2:33 of 1st overtime period - Shane Prince is hit by Alexander Khokhlachev and loses puck.
2:40 of 1st overtime period - Brandon Bollig is hit by Shane Prince and loses puck.
3:39 of 1st overtime period - Snap shot by Rich Clune.
3:39 of 1st overtime period - Shot Misses the Net.
4:27 of 1st overtime period - Jonathon Blum is hit by Jed Ortmeyer and loses puck.
4:52 of 1st overtime period - Slapshot by Matt Dumba.
4:52 of 1st overtime period - Deflect By Shane Prince.
4:52 of 1st overtime period - Shot Misses the Net.
4:52 of 1st overtime period - Puck is out of play.
4:53 of 1st overtime period - Shane Prince wins face-off versus Toby Petersen in Tigers zone.
4:58 of 1st overtime period - Slapshot by Matt Dumba.
4:58 of 1st overtime period - Deflect By Toby Petersen.
4:58 of 1st overtime period - Stopped by Cam Ward without a rebound.
4:59 of 1st overtime period - Shane Prince wins face-off versus Toby Petersen in Tigers zone.
Goals for this period are 0 for Tigers vs 0 for Marlies.
Shots for this period are 5 for Tigers vs 2 for Marlies.

ShootOut


5:00 of 1st overtime period - Penalty Shot by Alexander Khokhlachev for Tigers.
5:00 of 1st overtime period - Snap shot by Alexander Khokhlachev.
5:00 of 1st overtime period - Goal by Alexander Khokhlachev.
5:00 of 1st overtime period - Penalty Shot by Shane Prince for Marlies.
5:00 of 1st overtime period - Wrist shot by Shane Prince.
5:00 of 1st overtime period - Stopped by Cam Ward.
5:00 of 1st overtime period - Penalty Shot by Brandon Bollig for Tigers.
5:00 of 1st overtime period - Deke by Brandon Bollig.
5:00 of 1st overtime period - Goal by Brandon Bollig.
5:00 of 1st overtime period - Penalty Shot by George Parros for Marlies.
5:00 of 1st overtime period - Deke by George Parros.
5:00 of 1st overtime period - Stopped by Cam Ward.


Output by the SimonT Hockey Simulator (STHS) for Eric Dolegowski -- Original Page W3C XHTML 1.0 Valid
Hockey Simulator - Hockey Simulation - Hockey Manager